Unix xNetHack Version 7.1.0 - last build Dec 11 2022 15:18:36 (91bc4d2507b4b34ac92889b06d50a936f6bde808). Game began 2023-04-09 05:23:41, ended 2023-04-09 06:20:32. Anerag, chaotic female elven Priestess . -..... --.. ... |.......----...... |...oYG...........-- |..(oQ....---......| -----.--f.....- |......---- ...>...|--.%....|---..|..<.| --."---- |)....- ------).| ---- --.--- ---- --- Anerag the Adept St:13 Dx:12 Co:15 In:15 Wi:17 Ch:7 Chaotic Dlvl:8 $:283 HP:0(39) Pw:53(73) AC:0 Exp:6 T:5061 Latest messages: The Mordor orc is killed! The wand hits you! Elf, your life force is running out. The wand hits the owlbear! Are you sure you want to pray? [yn] (n) y You begin praying to Manannan Mac Lir. You are surrounded by a shimmering light. Eris picks up an uncursed silver dagger. The owlbear starts to attack you, but pulls back. Eris drops an uncursed silver dagger. You finish your prayer. You feel that Manannan Mac Lir is well-pleased. You feel much better. What do you want to use or apply? [gijlmprtwQRW or ?*] r In what direction? 4 The Mordor orc is blinded by the flash! The owlbear claws you! The owlbear hits! The owlbear grabs you! The Mordor orc picks up a cursed crude ring mail. What do you want to use or apply? [gijlmprtwQRW or ?*] r In what direction? 6 The owlbear is blinded by the flash! The owlbear claws you! The owlbear claws you! You are being crushed. The Mordor orc picks up an uncursed pair of dwarvish boots. The Mordor orc picks up an uncursed hooded cloak. The Mordor orc's crude ring mail deflects Eris' attack. In what direction? . You feel better. You feel more confident in your spell casting skills. The Mordor orc zaps a wand of striking! The wand hits you! Eris bites the Mordor orc. The Mordor orc swings his knife at Eris. The Mordor orc hits Eris. You cannot escape from the owlbear! Your hard hat blocks the owlbear's attack. The owlbear misses! You are being crushed. The Mordor orc zaps a wand of striking! The wand misses you. Eris picks up an uncursed giant spider corpse. Eris bites the Mordor orc. The Mordor orc swings her curved sword at Eris. The Mordor orc misses Eris. The gnome lord punches you! You die... Do you want your possessions identified? [ynq] (y) q Major events: Turn 1: Anerag the chaotic elven Priestess entered the dungeon 748: entered the Gnomish Mines 1614: attained the rank of Acolyte (level 3) 3160: reached Mine Town 4319: attained the rank of Adept (level 6) 5061: killed by a gnome lord Inventory: Inventory: 648/750 weight (42/52 slots) Coins $ - 283 gold pieces {3} Weapons D - 22 uncursed +0 wooden darts {12} Z - an uncursed +0 silver dagger {11} a - an uncursed +0 platinum aklys (tethered weapon in hand) {22} Armor N - an uncursed rustproof +0 dwarvish helm (being worn) {30} O - an uncursed +0 pair of leather gloves (being worn) {8} h - an uncursed +0 pair of plastic high boots (being worn) {20} c - an uncursed +0 small shield (being worn) {23} b - an uncursed +0 robe (being worn) {12} o - an uncursed +0 wooden ring mail (being worn) {70} Comestibles e - an uncursed clove of garlic {1} k - 4 uncursed food rations {80} G - an uncursed lembas wafer {5} f - an uncursed sprig of wolfsbane {1} Scrolls H - a blessed scroll of enchant armor {5} s - an uncursed scroll of enchant armor {5} Y - 2 uncursed scrolls of identify {10} y - an uncursed scroll of light {5} X - an uncursed scroll of remove curse {5} I - an uncursed scroll of scare monster {5} B - an uncursed scroll of teleportation {5} n - 2 blessed scrolls of water {10} Spellbooks g - an uncursed spellbook of healing (alternate weapon; not wielded) {35} Potions v - an uncursed potion of fruit juice {20} J - a blessed potion of invisibility {20} q - a blessed potion of sickness {20} L - an uncursed potion of speed {20} d - 4 potions of holy water {80} Wands R - an uncursed wand of magic missile (0:2) {7} Tools j - an uncursed flute {5} t - an uncursed blindfold {2} r - an uncursed expensive camera (0:70) {12} l - an uncursed lantern (lit) {30} i - an uncursed magic marker (0:81) {2} p - an uncursed mirror {13} W - an uncursed oil lamp {20} w - an uncursed mithril pea whistle {2} m - an uncursed skeleton key named poison {3} Gems/Stones S - 2 uncursed sapphires {2} V - 2 uncursed worthless pieces of orange glass {2} x - an uncursed worthless piece of white glass {1} U - 2 uncursed worthless pieces of yellow glass {2} Q - an uncursed flint stone {2} Anerag the Priestess's attributes: Background: You were an Adept, a level 6 elven Priestess. You were chaotic, on a mission for Manannan Mac Lir who was opposed by Lugh (lawful) and Brigit (neutral). You were heterosexual. You were in the Gnomish Mines, on level 8. You entered the dungeon 5061 turns ago. You had 473 experience points, 167 more were needed to attain level 7. Basics: You had 0 out of 39 hit points. You had 53 out of 73 energy points (spell power). Your armor class was 0. Your wallet contained 283 zorkmids. Autopickup was on for '$' plus thrown. Final Characteristics: Your strength was 13 (limit:18). Your dexterity was 12 (limit:18). Your constitution was 15 (limit:16). Your intelligence was 15 (limit:20). Your wisdom was 17 (peak:18, limit:20). Your charisma was 7 (limit:18). Final Status: You were held by an owlbear (north). You were not hungry. You were unencumbered. You were wielding a club. You had basic skill with club. Final Attributes: You were piously aligned. You were sleep resistant. You were poison resistant. You had infravision. You were guarded. You were harmed by iron. You are dead. Miscellaneous: You disabled loading of bones levels. Total elapsed playing time was 56 minutes and 51 seconds. Vanquished creatures: 4 watchmen a quivering blob a leprechaun a giant spider a blue jelly a Mordor orc a rock piercer a yellow light 6 gnome leaders 2 gnomish wizards an elf zombie 2 paper golems a giant ant 8 dwarves a homunculus a kobold leader a giant bat 2 iguanas a killer bee an acid blob 3 hobbits 4 giant rats 2 red molds 31 gnomes 3 gnome zombies a gecko 2 kobolds 3 goblins 3 grid bugs 3 bats 4 lichens 3 newts 100 creatures vanquished. No species were genocided or became extinct. Voluntary challenges: You read items or engraved 5 times. You never genocided any monsters. You never polymorphed an object. You never changed form. You never touched an artifact. You used no wishes. You never scared an enemy with impunity. You were celibate. You never generated conflict. Achievements: You entered the Gnomish Mines. You attained the rank of Acolyte. You entered Minetown. You entered a shop. You entered a temple. You attained the rank of Adept. The Dungeons of Doom: levels 1 to 6 Level 1: A fountain. Level 2: Some fountains. Level 3: A fountain. Stairs down to The Gnomish Mines. Level 4: An altar. Level 5: Many fountains, many trees. Oracle of Delphi. Level 6: A sink. The Gnomish Mines: levels 4 to 8 Level 4: Level 5: Level 6: Many shops, a temple, some fountains. Level 7: Level 8: <- You were here. Final resting place for you, killed by a gnome lord. Game over: __________ / \ / REST \ / IN \ / PEACE \ / \ | Anerag | | 283 Au | | killed by a | | gnome lord | | | | | | 2023 | *| * * * | * _________)/\\_//(\/(/\)/\//\/|_)_______ Goodbye Anerag the Priestess... You died in The Gnomish Mines on dungeon level 8 with 2497 points, and 283 pieces of gold, after 5061 moves. You were level 6 with a maximum of 39 hit points when you died.